 Dungeon Crawl Stone Soup version 0.29-a0-297-g7659ce593d (webtiles) character file.

Game seed: 538358482779937672

10847 manlight the Basher (level 11, -1/101 HPs)
             Began as a Minotaur Fighter on Mar 21, 2022.
             Was a Priest of Makhleb.
             Slain by a two-headed ogre
             ... wielding a +0 giant spiked club
              (15 damage)
             ... on level 11 of the Dungeon on Mar 22, 2022.
             The game lasted 02:26:28 (9734 turns).

manlight the Basher (Minotaur Fighter)              Turns: 9734, Time: 02:26:28

Health: -1/101     AC: 18    Str: 25    XL:     11   Next: 41%
Magic:  12/12      EV:  7    Int:  5    God:    Makhleb [***...]
Gold:   583        SH:  6    Dex: 16    Spells: 10/10 levels left

rFire   . . .      SeeInvis .   B - +1 flail (protect)
rCold   . . .      Faith    +   c - +0 buckler
rNeg    . . .      Spirit   .   I - +0 plate armour
rPois   .          Reflect  .   N - +0 hat {Will+}
rElec   .          Harm     .   (no cloak)
rCorr   .          Rampage  .   (no gloves)
Will    +....                   Q - +2 pair of boots
Stlth   ..........              H - amulet of faith
HPRegen 0.26/turn               g - +4 ring of slaying
MPRegen 0.13/turn               W - +6 ring of dexterity

@: no status effects
A: horns 2, retaliatory headbutt
a: Renounce Religion, Minor Destruction, Lesser Servant of Makhleb


You were on level 11 of the Dungeon.
You worshipped Makhleb.
Makhleb was most pleased with you.
You visited 2 branches of the dungeon, and saw 12 of its levels.

You collected 583 gold pieces.

Inventory:

Hand Weapons
 B - a +1 flail of protection (weapon)
 E - a +4 vorpal trident
 G - a +4 spear of venom
 J - the +7 long sword "Undertaker" {holy, rElec Int+2}
   (You found it on level 7 of the Dungeon)

   It has been blessed by the Shining One to cause great damage to the undead
   and demons.
   Int:       It affects your intelligence (+2).
   rElec:     It insulates you from electricity.
 P - a +2 demon whip of venom
Missiles
 a - a curare-tipped dart
 e - 383 stones (quivered)
 l - 8 boomerangs
 K - 7 poisoned darts
Armour
 c - a +0 buckler (worn)
 I - a +0 plate armour (worn)
 N - a +0 hat of willpower (worn)
 Q - a +2 pair of boots (worn)
Jewellery
 g - a +4 ring of slaying (left hand)
 o - a ring of see invisible
 q - a ring of poison resistance
 t - an amulet of magic regeneration
 x - a ring of positive energy
 H - an amulet of faith (around neck)
 L - a ring of willpower
 U - a ring of protection from cold
 W - a +6 ring of dexterity (right hand)
Wands
 C - a wand of flame (16)
 T - a wand of acid (5)
Scrolls
 b - 3 scrolls of enchant armour
 f - 6 scrolls of identify
 j - 3 scrolls of fog
 k - a scroll of silence {unknown}
 n - 2 scrolls of fear {unknown}
 p - 2 scrolls of noise
 r - a scroll of acquirement {unknown}
 s - 3 scrolls of teleportation
 u - a scroll of magic mapping {unknown}
 w - a scroll of amnesia {unknown}
 y - a scroll of blinking
 F - 2 scrolls of holy word {unknown}
 R - 3 scrolls of enchant weapon {unknown}
 S - a scroll of vulnerability
 V - a scroll of immolation {unknown}
Potions
 d - 2 potions of might
 h - 2 potions of invisibility
 m - a potion of lignification {unknown}
 v - a potion of degeneration {unknown}
 z - 4 potions of brilliance
 A - a potion of haste
 D - a potion of attraction {unknown}
 M - a potion of heal wounds {unknown}
 O - a potion of cancellation {unknown}


   Skills:
 * Level 10.6 Fighting
 - Level 7.9(11.2) Axes
 + Level 12.4(13.3) Maces & Flails
 - Level 0.7 Throwing
 + Level 10.2 Armour
 + Level 6.6 Shields
 * Level 3.1 Invocations
 - Level 3.3 Evocations


You had 10 spell levels left.
You didn't know any spells.
Your spell library contained the following spells:

 Spells                   Type           Power      Damage    Failure   Level
 Summon Small Mammal      Summ           0%         N/A       100%        1
 Blink                    Tloc           0%         N/A       100%        2
 Corpse Rot               Necr/Air       0%         N/A       100%        2
 Poisonous Vapours        Pois/Air       0%         N/A       100%        2
 Call Canine Familiar     Summ           0%         N/A       100%        3
 Gell's Gravitas          Tloc           0%         N/A       100%        3
 Lesser Beckoning         Tloc           0%         N/A       100%        3
 Stone Arrow              Conj/Erth      0%         3d7       100%        3
 Summon Guardian Golem    Hex/Summ       0%         N/A       100%        3
 Teleport Other           Tloc           0%         N/A       100%        3
 Animate Armour           Summ/Erth      0%         N/A       100%        4
 Manifold Assault         Tloc           0%         N/A       100%        5
 Dispersal                Tloc           0%         N/A       100%        6
 Lehudib's Crystal Spear  Conj/Erth      0%         10d2      100%        8


Dungeon Overview and Level Annotations

Branches:
Dungeon (11/15)            Temple (1/1) D:4
   Lair: D:8-11         Orc: D:9-12

Altars:
Ashenzari
Cheibriados
Dithmenos
Elyvilon
Fedhas
Gozag
Hepliaklqana
Kikubaaqudgha
Makhleb
Nemelex Xobeh
Okawaru
Qazlal
Ru
Sif Muna
Trog
Uskayaw
Vehumet
Wu Jian
Xom
Yredelemnul
Zin
The Shining One
Beogh

Shops:
D:7 !   D:8 ?


Innate Abilities, Weirdness & Mutations

You have a pair of horns on your head.
You reflexively headbutt those who attack you in melee.


Message History

You see here a +0 shortbow.
e - 381 stones (gained 1)
e - 383 stones (gained 2)
The two-headed ogre shouts in stereo!
Things that are here:
a +0 troll leather armour; 4 large rocks; a troll skeleton
Okay, then.
You drop a +0 troll leather armour.
The gnoll sergeant shouts!
You hear a shout!
You see here a +0 shortbow.
You see here 5 large rocks.
Things that are here:
a +0 flail; a gnoll corpse You barely miss the two-headed ogre.
You headbutt the two-headed ogre!
The two-headed ogre is lightly wounded.
You hit the two-headed ogre.
Your weapon exudes an aura of protection.
The two-headed ogre is lightly wounded.
The two-headed ogre hits you with a +0 giant spiked club.
The two-headed ogre barely misses you.
You hit the two-headed ogre. You headbutt the two-headed ogre!
The two-headed ogre is heavily wounded.
You thump the two-headed ogre! You headbutt the two-headed ogre.
The two-headed ogre is severely wounded.
The two-headed ogre hits you with a +0 giant spiked club! x2
You thump the two-headed ogre!
The two-headed ogre is almost dead.
The gnoll sergeant hits you from afar with a +0 spear.
The two-headed ogre hits you with a +0 giant spiked club!!
* * * LOW HITPOINT WARNING * * *
The two-headed ogre hits you with a +0 giant spiked club!
* * * LOW HITPOINT WARNING * * *
You feel better.
The two-headed ogre attacks as you move away!
The two-headed ogre hits you with a +0 giant spiked club!
* * * LOW HITPOINT WARNING * * *
You block the two-headed ogre's attack.
The two-headed ogre attacks as you move away!
The two-headed ogre hits you with a +0 giant spiked club!
You die...

#.#...# #.###.#.######........
#.#÷.## #.###.#..# #.#######
...##[## #.....#..# #.#
....#.)## #.#####..# #.#
......#.## #.# #..# #.#
##....##.###.# #..# #.#
.##....##.##.# #..### #.#####
.....†...#O#.#####....# #.....##
...#....##(#.g.O@...#.# #.###..#
#...#...##.#.########## ### ##.#
.....#...#.).##♣♣♣♣♣♣8♣♣♣♣♣♣##.#
.##...#..##....................#
.#...##..##.###♣♣♣♣♣♣8♣♣♣♣♣♣####
#... ....#.# ### .#.. ...##.#
.#... .##.# #.#


You could see a two-headed ogre and a gnoll sergeant.

Vanquished Creatures
  Gastronok (D:8)
  Amaemon (D:8)
  A cyclops (D:11)
  An ice statue (D:10)
  An orange demon (D:8)
  A komodo dragon (D:11)
  An unseen horror (D:10)
  2 trolls (D:11)
  Prince Ribbit (D:8)
  A centaur simulacrum (D:10)
  A wraith (D:10)
  A wyvern (D:10)
  3 steam dragons
  An acid dragon (D:10)
  A water moccasin (D:7)
  4 orc warriors
  3 ice beasts
  2 sky beasts
  4 black bears
  An ogre (D:8)
  3 centaurs
  A kobold brigand (D:8)
  2 phantoms
  3 bullfrogs
  2 gnoll sergeants
  2 scorpions
  18 wights
  9 killer bees
  7 howler monkeys
  2 hounds
  4 orc priests
  2 gnoll shamans (D:5)
  2 jellies
  4 iguanas
  5 orc wizards
  22 gnolls
  12 adders
  2 white imps
  2 ufetubi
  3 worms
  3 dart slugs
  46 orcs
  6 endoplasms
  2 giant cockroaches
  10 goblins
  11 hobgoblins
  9 jackals
  6 kobolds
  3 quokkas
  6 ball pythons
  8 bats
  3 frilled lizards
  5 rats
257 creatures vanquished.

Vanquished Creatures (collateral kills)
  2 cyclopes (D:11)
  An orc warrior (D:10)
  3 centaurs
  A bullfrog (D:8)
  2 killer bees (D:10)
  A howler monkey (D:11)
  An orc priest (D:10)
  5 orcs (D:8)
  A kobold (D:8)
17 creatures vanquished.

Vanquished Creatures (others)
  6 plants (D:5)
6 creatures vanquished.

Grand Total: 280 creatures vanquished

Notes
Turn   | Place    | Note
-------+----------+-------------------------------------------
     0 | D:1      | manlight the Minotaur Fighter began the quest for the Orb.
     0 | D:1      | Reached XP level 1. HP: 19/19 MP: 0/0
   151 | D:1      | Reached XP level 2. HP: 27/27 MP: 1/1
   241 | D:1      | Found a faded altar of an unknown god.
   330 | D:1      | Reached XP level 3. HP: 32/33 MP: 2/2
   662 | D:2      | Reached XP level 4. HP: 41/41 MP: 3/3
  1575 | D:3      | Reached XP level 5. HP: 47/47 MP: 4/4
  1924 | D:4      | Reached skill level 5 in Fighting
  2066 | D:4      | Found the +4 dagger "Morg" {pain, Will+ Int+5}
  2126 | D:4      | Noticed a phantom
  2130 | D:4      | Killed a phantom
  2131 | D:4      | Reached skill level 5 in Axes
  2131 | D:4      | Reached XP level 6. HP: 56/56 MP: 5/5
  2304 | D:4      | Found a staircase to the Ecumenical Temple.
  2863 | D:4      | Noticed a sky beast
  2868 | D:4      | Killed a sky beast
  2869 | D:4      | Reached skill level 5 in Armour
  3131 | Temple   | Entered the Ecumenical Temple
  3540 | Temple   | Became a worshipper of Makhleb the Destroyer
  3604 | D:5      | Entered Level 5 of the Dungeon
  3759 | D:5      | Reached XP level 7. HP: 56/62 MP: 6/6
  3991 | D:5      | Found an opulent altar of Gozag.
  4038 | D:5      | Reached skill level 5 in Shields
  4310 | D:5      | Reached XP level 8. HP: 71/71 MP: 7/7
  4389 | D:6      | Reached * piety under Makhleb
  4450 | D:6      | Reached skill level 1 in Maces & Flails
  4861 | D:6      | Reached skill level 2 in Maces & Flails
  4938 | D:6      | Reached skill level 3 in Maces & Flails
  5045 | D:6      | Reached XP level 9. HP: 82/82 MP: 8/8
  5052 | D:6      | Reached skill level 4 in Maces & Flails
  5064 | D:6      | Found a stormy altar of Qazlal.
  5604 | D:7      | Reached ** piety under Makhleb
  5626 | D:7      | Reached skill level 5 in Maces & Flails
  5756 | D:7      | Reached skill level 1 in Evocations
  5767 | D:7      | Reached skill level 6 in Maces & Flails
  5975 | D:7      | Found Hezaf's Distillery.
  6009 | D:7      | Reached skill level 7 in Maces & Flails
  6247 | D:7      | Identified the +7 long sword "Undertaker" {holy, rElec
                  | Int+2}
  6494 | D:8      | Reached *** piety under Makhleb
  6502 | D:8      | Reached skill level 8 in Maces & Flails
  6521 | D:8      | Noticed Gastronok
  6530 | D:8      | Killed Gastronok
  6531 | D:8      | Reached skill level 9 in Maces & Flails
  6531 | D:8      | Reached XP level 10. HP: 73/91 MP: 9/9
  6552 | D:8      | Noticed Amaemon
  6567 | D:8      | Killed Amaemon
  6666 | D:8      | Reached skill level 10 in Maces & Flails
  6678 | D:8      | Noticed an orange demon
  6696 | D:8      | Killed an orange demon
  6942 | D:8      | Noticed Prince Ribbit
  6957 | D:8      | Killed Prince Ribbit
  6958 | D:8      | Reached skill level 1 in Invocations
  6959 | D:8      | Found Kohatrim's Magic Scroll Emporium.
  7232 | D:8      | Reached skill level 11 in Maces & Flails
  7293 | D:8      | You fall into a shaft and drop 1 floor!
  7934 | D:9      | Reached **** piety under Makhleb
  8226 | D:10     | Entered Level 10 of the Dungeon
  8401 | D:10     | Reached XP level 11. HP: 76/99 MP: 11/11
  8860 | D:10     | Reached skill level 10 in Fighting
  9028 | D:10     | Reached skill level 12 in Maces & Flails
  9106 | D:11     | Noticed a two-headed ogre
  9240 | D:11     | Reached skill level 10 in Armour
  9734 | D:11     | Slain by a two-headed ogre

Illustrated notes

Levels and vault maps discovered:
D:1:      kennysheep_arrival_forest, layout_rooms,
          hellmonk_ecumenical_altar_arch_garden
D:2:      layout_basic, moated_statue, minmay_misc_feat_chi,
          guppyfry_early_orc_mine
D:3:      layout_rooms, minmay_misc_feat_roman
D:4:      layout_loops_corners, temple_fountains
D:5:      layout_loops_ring, grunt_gozag_breadcrumbs, serial_bayou_crossing
D:6:      layout_cave_pods, mainiacjoe_overflow_six_doors_small
D:7:      layout_gridville, serial_shops, nicolae_stop_n_shop_1
D:8:      layout_basic, special_room [special_room_orc], serial_shops,
          shop_scrolls, minmay_crossroads, uniq_amaemon, uniq_gastronok,
          uniq_prince_ribbit1
D:9:      layout_rooms
D:10:     layout_irregular_city, minmay_statue_bubble
D:11:     hellmonk_ruined_rings, layout_basic, dreamdust_princess_corridor
Temple:   mainiacjoe_temple_big_plus

Skill      XL: |  1  2  3  4  5  6  7  8  9 10 11 |
---------------+----------------------------------+-----
Shields        | 4 5 6 |  6.6
Fighting       | 4 5 6 8 9 10 | 10.6
Axes           | 3 4 5 6 7 |  7.9
Armour         | 4 5 6 7 8 9 10 | 10.2
Maces & Flails | 3 9 11 12 | 12.4
Evocations     | 2 3 |  3.3
Invocations    | 1 3 |  3.1
Throwing       | |  0.7

Action                   |  1- 3 |  4- 6 |  7- 9 | 10-12 || total
-------------------------+-------+-------+-------+-------++-------
Melee: War axe           |    65 |    98 |    78 |       ||   241
       Headbutt          |    11 |    14 |    59 |    45 ||   129
       Flail             |       |       |   204 |   211 ||   415
Throw: Stone             |     3 |       |     2 |    14 ||    19
Invok: Lesser Servant of |       |       |     1 |    10 ||    11
       Minor Destruction |       |       |     1 |       ||     1
  Use: Scroll            |       |     5 |     4 |     3 ||    12
       Potion            |       |       |     2 |     2 ||     4
 Stab: Distracted        |       |       |       |     1 ||     1
Armor: Scale mail        |    29 |    11 |       |       ||    40
       Chain mail        |       |    34 |   148 |       ||   182
       Plate armour      |       |       |    19 |   136 ||   155
Dodge: Dodged            |    21 |    26 |    84 |    61 ||   192
Block: Buckler           |     9 |    22 |    76 |    50 ||   157

Table legend: (Time is in decaauts)
 A = Elapsed time spent in this place.
 B = Non-inter-level travel time spent in this place.
 C = Inter-level travel time spent in this place.
 D = Time resting spent in this place.
 E = Time spent auto-exploring this place.
 F = Levels seen in this place.
 G = Mean time per level.
                   A        B        C        D        E       F      G
               +--------+--------+--------+--------+--------+-----+--------+
         Total |   9809 |   9738 |     71 |      0 |    781 |  12 |  817.4 |
       Dungeon |   9378 |   9307 |     71 |      0 |    781 |  11 |  852.5 |
        Temple |    431 |    431 |      0 |      0 |      0 |   1 |  431.0 |
               +--------+--------+--------+--------+--------+-----+--------+

Top non-repeatable levels by time:
     D:8: 1392 daAuts
     D:4: 1310 daAuts
     D:6: 1257 daAuts
    D:10: 1096 daAuts
     D:2: 927 daAuts
     D:5: 777 daAuts
     D:7: 758 daAuts
     D:9: 552 daAuts
     D:1: 517 daAuts
     D:3: 471 daAuts
  Temple: 431 daAuts
    D:11: 316 daAuts
